Cogmind - Beta 15 @@@ ROGUE MODE // 2025.06.01 @ 20:12:19 Player: Cracklepappy Result: Destroyed by YI-UF0 with YI-UF0's Doublenader Performance ------------- Evolutions (0) 0 Regions Visited (2) 400 Robots Destroyed (31) 155 Value Destroyed (594) 594 Prototype IDs (0) 0 Alien Tech Used (0) 0 Bonus (-129) -129 TOTAL SCORE: 1020 Bonus ------- Friendly Fire -129 Cogmind --------- Core Integrity 0/250 Matter 201/300 Energy 83/100 System Corruption 0% Temperature Cool (0) Movement Treading (320) Ox2 Location -10/Mines Parts ------- > --- POWER (1) -------- (None) > --- PROPULSION (2) --- Light Treads Light Treads > --- UTILITY (2) ------ Huge Storage Unit > --- WEAPON (2) ------- Heavy Assault Rifle Autogun > --- INVENTORY (25) --- Aluminum Leg Compact Wheel Compact Wheel Heat Sink Large Matter Pod (150) Weight Redist. System Structural Scanner Hacking Suite Tractor Beam Spread Laser Spread Laser Spread Laser Spread Laser Heavy Assault Rifle Heavy Assault Rifle Heavy Assault Rifle Autogun Autogun Grenade Launcher Grenade Launcher Rocket Launcher Datajack Mining Laser Peak State ------------ > --- POWER ------------ Ion Engine > --- PROPULSION ------- Light Treads Light Treads > --- UTILITY ---------- Heat Sink Huge Storage Unit > --- WEAPON ----------- Spread Laser Spread Laser > --- INVENTORY -------- Light Treads Aluminum Leg Aluminum Leg Wheel Large Storage Unit Large Matter Pod Weight Redist. System Structural Scanner Hacking Suite Tractor Beam Beam Rifle Spread Laser Spread Laser Heavy Assault Rifle Heavy Assault Rifle Heavy Assault Rifle Heavy Assault Rifle Autogun Autogun Autogun Autogun Grenade Launcher Datajack Mining Laser [Rating: 12] Favorites ----------- Power Ion Engine Engine Ion Engine Propulsion Light Treads Treads Light Treads Utility Heat Sink Device Heat Sink Storage Huge Storage Unit Weapon Spread Laser Energy Gun Spread Laser Ballistic Gun Assault Rifle Launcher Grenade Launcher Special Melee Weapon Datajack Build | -11 -10 -10 ------- Run | Yrd Mat Min Slots Evolved . | . . . Power . | . . . Propulsion . | . . . Utility . | . . . Weapon . | . . . Parts Attached 26 | 8 13 5 Power 4 | 1 2 1 Engine 4 | 1 2 1 Core . | . . . Reactor . | . . . Propulsion 3 | 2 . 1 Treads 3 | 2 . 1 Leg . | . . . Wheel . | . . . Hover . | . . . Flight . | . . . Utility 7 | 2 5 . Device 3 | 1 2 . Storage 4 | 1 3 . Processor . | . . . Hackware . | . . . Protection . | . . . Artifact . | . . . Weapon 12 | 3 6 3 Energy Gun 5 | 1 4 . Energy Cannon . | . . . Ballistic Gun 5 | 2 . 3 Ballistic Cannon . | . . . Launcher 1 | . 1 . Special Weapon . | . . . Impact Weapon . | . . . Slashing Weapon . | . . . Piercing Weapon . | . . . Special Melee Weapon 1 | . 1 . Unidentified Prototypes . | . . . Parts Lost 4 | . . 4 Power 1 | . . 1 Propulsion 1 | . . 1 Utility 1 | . . 1 Weapon 1 | . . 1 Highest Loss Streak 4 | . . 4 To Critical Strikes . | . . . Average Backups 17 | 6 17 24 Power . | . . . Propulsion 4 | 3 3 4 Utility 4 | 1 4 6 Weapon 7 | 1 7 13 Tool/Special . | . . . Unused Backups 33 | 1 14 18 Power 2 | . 2 . Propulsion 7 | 1 2 4 Utility 8 | . 3 5 Weapon 16 | . 7 9 Tool/Special . | . . . Average Slot Usage (%) 99 | . 99 99 Engine 14 | . 14 14 Treads 27 | . 27 28 Device 13 | . 14 13 Storage 14 | . 14 14 Energy Gun 20 | . 19 26 Ballistic Gun 5 | . 5 1 Special Melee Weapon 2 | . 2 . Peak Build Rating 12 | 8 12 12 Average Rating 10 | 7 10 11 On Entrance 6 | . 8 12 Naked Turns . | . . . Heaviest Build 92 | 15 92 92 Greatest Support 40 | 40 40 40 Greatest Overweight (x) 2 | . 2 2 Average Overweight (x) . | . . 2 Largest Inventory Capacity 25 | 8 25 25 Average Capacity 18 | 7 17 25 Most Carried 25 | 8 25 25 Average Carried 17 | 6 17 24 Final Capacity 25 | 8 25 25 Final Carried 25 | 8 25 23 Class Distribution -------------------- 100% | Mutant Dominant Class ---------------- Mutant | -10/Materials Mutant | -10/Mines Resources | -11 -10 -10 ----------- Run | Yrd Mat Min Matter Collected 797 | 310 477 10 Remotely 283 | 189 94 . Salvage Created 955 | 141 728 86 Parts 57 | 11 38 8 Haulers Intercepted 2 | . 2 . Recyclers Shooed 5 | . 5 . Parts Field Recycled . | . . . Retrieved Matter . | . . . Parts Self-Destructed . | . . . Prevented . | . . . Kills | -11 -10 -10 ------- Run | Yrd Mat Min Combat Hostiles Destroyed 16 | . 11 5 Guns 13 | . 8 5 AOE 3 | . 3 . Classes Destroyed 8 | 2 6 . Builder 1 | . 1 . Tunneler 4 | 4 . . Hauler 2 | . 2 . Recycler 5 | 1 4 . Operator 1 | . 1 . Watcher 2 | . 2 . Swarmer 6 | . 3 3 Grunt 10 | . 8 2 Best Kill Streak 5 | 3 5 3 Combat Bots Only 3 | . 3 3 Max Kills in Single Turn 3 | 1 3 1 Gunslinging . | . . . Exploded 2 | . 2 . Melee . | . . . Uniques/NPCs Destroyed . | . . . Combat | -11 -10 -10 -------- Run | Yrd Mat Min Hostile Shots Fired 83 | . 41 42 Missed 19 | . 9 10 Hits 64 | . 32 32 Projectile 64 | . 32 32 AOE 21 | . . 21 Damage Taken 1247 | . 406 841 Core 267 | . 73 194 Absorbed by Shields . | . . . Regen/Repaired (Parts) 106 | . 106 . Core Remaining (%) 100 | 100 . . Volleys Fired 80 | 10 51 19 Largest 2 | 2 2 2 Hottest 130 | 70 130 130 Shots Fired 156 | 20 98 38 Gun 152 | 20 94 38 Cannon . | . . . Launcher 4 | . 4 . Special . | . . . Kinetic 73 | 10 43 20 Thermal 79 | 10 51 18 Explosive 4 | . 4 . Electromagnetic . | . . . Robot Hit Streak 10 | 4 8 10 Robot Miss Streak 5 | 4 4 5 Penetration Max . | . . . Secondary Targets 1 | . 1 . Max Gunslinging Chain 1 | . 1 . Shots Hit Robots 108 | 11 69 28 Core Hits 67 | 6 39 22 Critical Kills . | . . . Critical Parts Destroyed 1 | . 1 . Critical Strikes 2 | . 2 . Burn 1 | . 1 . Destroy 1 | . 1 . Melee Attacks 3 | . 3 . Impact . | . . . Slashing . | . . . Piercing . | . . . Sneak Attacks 1 | . 1 . Combat Hostiles . | . . . Follow-up Attacks . | . . . Damage Inflicted 1725 | 147 1189 389 Guns 1401 | 147 869 385 Cannons . | . . . Explosions 260 | . 260 . Melee . | . . . Ramming 64 | . 60 4 Kinetic 669 | 71 392 206 Thermal 732 | 76 477 179 Explosive 260 | . 260 . Electromagnetic . | . . . Impact . | . . . Slashing . | . . . Piercing . | . . . Highest Corruption . | . . . Average Corruption . | . . . Corruption Purged . | . . . Corruption Blocked . | . . . Overload Shots . | . . . Overflow Damage . | . . . Projectiles . | . . . Explosions . | . . . Melee . | . . . Knockbacks 1 | . 1 . Impact 1 | . 1 . Kinetic . | . . . Secondary . | . . . Self-Inflicted Damage . | . . . Shots . | . . . Rammed 10 | . 9 1 Targets Rammed 11 | . 10 1 Kicked . | . . . Crushed 1 | . 1 . Highest Temperature 234 | 27 195 234 Average Temperature 52 | 12 52 77 Received Heat Transfer 240 | . 201 39 Siege Activations . | . . . Martial Activations . | . . . Shielding Activations . | . . . Robots Disrupted . | . . . Combat Hostiles . | . . . Robots Corrupted . | . . . Combat Hostiles . | . . . Parts Fried . | . . . Impact Corruptions . | . . . Robots Melted . | . . . Combat Hostiles . | . . . Parts Melted 3 | . 2 1 Heat Transferred 1680 | 222 1228 230 Parts Sabotaged . | . . . Parts Stolen . | . . . Parts Stripped . | . . . Power Chain Reactions . | . . . Alert | -11 -10 -10 ------- Run | Yrd Mat Min Maximum Alert Level . | . . . Low Security (%) 100 | 100 100 100 Level 1 . | . . . Level 2 . | . . . Level 3 . | . . . Level 4 . | . . . Level 5 . | . . . High Security . | . . . Max Security . | . . . Peak Influence 155 | 5 155 60 Initial . | . . . Average 17 | . 20 12 Influence Increases 599 | 25 454 120 Destroy 0b10 Robot/C 320 | . 220 100 Destroy 0b10 Robot/NC 75 | 25 50 . Destroy Leader 78 | . 58 20 Trap Triggered on 0b10 10 | . 10 . Successful Hack 4 | . 4 . Disable Machine 60 | . 60 . Destroy Structure 37 | . 37 . Partial Spotted 15 | . 15 . Influence Decreases 599 | 25 454 120 Time Decay 599 | 25 454 120 Squads Dispatched 2 | . 2 . Investigation 1 | . 1 . Extermination . | . . . Reinforcement 1 | . 1 . Assault . | . . . Garrison . | . . . Intercept . | . . . Searches Triggered . | . . . Construction Impeded . | . . . Haulers Reinforced . | . . . Active Scanning Responses . | . . . Cargo Convoy Interrupts . | . . . Stealth | -11 -10 -10 --------- Run | Yrd Mat Min Distress Signals 1 | . 1 . Communications Jammed . | . . . Distress Signals . | . . . Times Spotted 30 | . 24 6 Peak Tracking Total 4 | . 4 3 Tactical Retreats . | . . . Traps | -11 -10 -10 ------- Run | Yrd Mat Min Traps Triggered 1 | . 1 . Indirectly . | . . . Trap Hack Attempts 4 | . 4 . Triggered . | . . . Disarmed 1 | . 1 . Reprogrammed 1 | . 1 . Reused 1 | . 1 . Traps Extracted . | . . . Installed . | . . . Triggered 1 | . 1 . Machines | -11 -10 -10 ---------- Run | Yrd Mat Min Machines Disabled 4 | . 4 . Max in Single Turn 3 | . 3 . Machines Repaired . | . . . Machines Dismantled . | . . . Machines Sabotaged . | . . . Overloaded Fab Kills . | . . . Hacking | -11 -10 -10 --------- Run | Yrd Mat Min Machines Accessed 8 | . 8 . Terminals 7 | . 7 . Fabricators . | . . . Repair Stations 1 | . 1 . Recycling Units . | . . . Scanalyzers . | . . . Garrison Access . | . . . Total Hacks 26 | . 26 . Successful 10 | . 10 . Failed 15 | . 15 . Catastrophic 2 | . 2 . Database Lockouts 1 | . 1 . Manual 9 | . 9 . Terminals 23 | . 23 . Fabricators . | . . . Repair Stations 3 | . 3 . Recycling Units . | . . . Scanalyzers . | . . . Garrison Access . | . . . Terminal Hacks 7 | . 7 . Part Schematic 2 | . 2 . Robot Analysis 1 | . 1 . Locate Traps 3 | . 3 . Hauler Manifests 1 | . 1 . Fabricator Hacks . | . . . Repair Station Hacks 2 | . 2 . Scan Component 1 | . 1 . Repair 1 | . 1 . Recycling Unit Hacks . | . . . Scanalyzer . | . . . Garrison Access Hacks . | . . . Unauthorized Hacks 1 | . 1 . Terminals 1 | . 1 . Skim 1 | . 1 . Fabricators . | . . . Repair Stations . | . . . Recycling Units . | . . . Scanalyzers . | . . . Garrison Access . | . . . Data Cores Recovered . | . . . Used . | . . . Hacking Detections 8 | . 8 . Full Trace Events 2 | . 2 . Feedback Events . | . . . Feedback Blocked . | . . . Robot Schematics Acquired . | . . . Robots Built . | . . . Authchips . | . . . Time . | . . . Total Robot Build Rating . | . . . Part Schematics Acquired 2 | . 2 . Parts Built . | . . . Authchips . | . . . Time . | . . . Total Part Build Rating . | . . . Parts Repaired 1 | . 1 . Time 26 | . 26 . Parts Recycled . | . . . Recycled Matter . | . . . Retrieved Matter . | . . . Retrieved Components . | . . . Parts Scanalyzed . | . . . Part Schematics Acquired . | . . . Parts Damaged . | . . . Bothacking | -11 -10 -10 ------------ Run | Yrd Mat Min Used RIF Installer . | . . . Robots Hacked 2 | . 2 . Non-combat 2 | . 2 . Combat . | . . . Robot Hacks Applied 3 | . 3 . parse_system 3 | . 3 . Relay Couplers Released . | . . . Fabnet Peak Effective % . | . . . Robots Rewired . | . . . Allies Hacked . | . . . Hacks Repelled . | . . . Allies | -11 -10 -10 -------- Run | Yrd Mat Min Total Allies . | . . . Largest Group . | . . . Highest-Rated Group . | . . . Highest-Rated Ally . | . . . Total Orders . | . . . Ally Attacks . | . . . Total Damage . | . . . Kills . | . . . Allies Corrupted . | . . . Allies Melted . | . . . Intel | -11 -10 -10 ------- Run | Yrd Mat Min Active Infowar (turns) 714 | . 714 . Seismic 714 | . 714 . Robot Analysis Total 1 | . 1 . Derelict Logs Recovered . | . . . Drone Launches . | . . . Drone Recoveries . | . . . Exploration | -11 -10 -10 ------------- Run | Yrd Mat Min Turns Passed 3697 | 328 2825 544 Spaces Moved 1537 | 177 1210 150 Core 5 | 5 . . Treads 1532 | 172 1210 150 Legs . | . . . Wheels . | . . . Hover . | . . . Flight . | . . . Fastest Speed 50 | 50 160 320 Average Speed 214 | 156 209 320 Slowest Speed 320 | 160 320 320 Overloaded Moves . | . . . Propulsion Burnouts . | . . . Robots Hopped . | . . . Potential Cave-ins . | . . . Cave-ins Triggered . | . . . Exploration Rate (%) 48 | 8 100 38 Regions Visited 2 Branch Regions 1 Pre-discovered Areas . | . . . Known Exits Taken . | . . . Unknown Exits Taken 2 | 1 1 . Scrap Searched . | . . . Spaces Dug 8 | . 8 . Terrain Destroyed 33 | . 33 . Melee . | . . . Projectile . | . . . AOE 33 | . 33 . Terrain Rammed . | . . . Walls Destroyed . | . . . Machines Disabled . | . . . Actions | -11 -10 -10 --------- Run | Yrd Mat Min Total 1785 | 204 1401 180 Wait 45 | . 43 2 Move 1535 | 176 1209 150 Hop . | . . . Pick Up 45 | 9 35 1 Fast Attach 12 | 7 5 . Attach 2 | . . 2 Detach . | . . . Swap 17 | 1 13 3 Drop 31 | 1 28 2 Fire 80 | 10 51 19 Melee 3 | . 3 . Ram . | . . . Kick . | . . . Crush 11 | . 10 1 Escape Stasis . | . . . Rewire . | . . . Trap 4 | . 4 . Miscellaneous . | . . . Route ------- -11/Scrapyard -10/Materials (discovered 5 exits: [*Mat x3] / [*Min] / [*Sub]) -10/Mines (discovered 1 exit: [*Mat]) History --------- Turn | Location | Event 4 | -11/Scrapyard | Discovered new exit (range 15) 329 | -11/Scrapyard | Entered Materials 330 | -10/Materials | Build established: Mutant 406 | -10/Materials | Central database locked down 847 | -10/Materials | Discovered new exit (range 14) 941 | -10/Materials | Discovered new exit (range 15) 1223 | -10/Materials | Discovered new exit (range 8) 1228 | -10/Materials | Discovered new exit (range 13) 1871 | -10/Materials | Discovered new exit (range 16) 2903 | -10/Materials | Repaired Lgt. Treads 3154 | -10/Materials | Entered Mines 3515 | -10/Mines | Discovered new exit (range 3) 3646 | -10/Mines | Received a Rocket Launcher from a helpful Derelict 3683 | -10/Mines | Core integrity fell below 50% 3697 | -10/Mines | Core integrity fell below 20% 3698 | -10/Mines | Destroyed by YI-UF0 with YI-UF0's Doublenader Last Messages --------------- laser wimps, I say!" 03646_ UG-JO4(g): "Would you like a rocket launcher? I know I would if I were you, so I'm going to lend you mine." 03646_ UG-JO4(g) slips back into the shadows. 03656_ YI-UF0 mumbles something. 03671_ Dropped Wheel. 03672_ Acquired Rocket Launcher. 03676_ YI-UF0: "WHOMP!" 03676_ R-06 Scavenger destroyed. 03677_ YI-UF0: "BOOM TO YOU TOO!" 03679_ YI-UF0 mumbles something. 03682_ The unstable cave ceiling collapses. 03685_ K-01 Serf collects debris. 03686_ Heat Sink destroyed. 03686_ Lgt. Treads destroyed. 03688_ K-01 Serf collects debris. 03690_ The unstable cave ceiling collapses. 03695_ K-01 Serf collects debris. 03696_ Ion Engine destroyed. 03696_ Autogun destroyed. Map ----- +----------------------------------------------------+ | ?????????????????????????????????????????????????? | | ?????????????????????????????????????????????????? | | ?????????????????????????????????????????????????? | | ?????????????????????????????????????????????????? | | ?????????????????????????????????????????????????? | | ?????????????????????????????????????????????????? | | ?????????????????????????????????????????????????? | | ?????????????????????????????????????????????????? | | ?????????????????????????????????????????????????? | | ?????????????????????????????????????????????????? | | ?????????????????????????????????????????????????? | | ?????????????????????????????????????????????????? | | ?????????????????????????????????????????????????? | | ?????????????????????????????????????????????????? | | ?????????????????????????????????????????????????? | | ??????????????????#####??????????????????????????? | | ??????????????????# #?????????????????????????? | | ?????????????????## ###??????????????????????? | | ??????????? ##???# # #??????????????????????? | | ??????????? ##?# k ##?????????????????????? | | ??????????? ## ###???????????????????? | | ??????????? ###?????????????????? | | ???????????? #?????????????????? | | ???????????????#t #?????????????????? | | ????????????????# #?????????????????? | | ?????????????????# @ ##?????????????????? | | ?????????????????## ###???????????????? | | ??????????????????# ##??????????????? | | ??????????????????# g ####???????????? | | ??????????????????# ##??????????? | | ??????????????????# ##?????????? | | ??????????????? ## # ##????????? | | ???????????# ####r ## #????????? | | ?????????# ### #??# ## #????????? | | ????????? ???## #??# ## #????????? | | ????????? ???????## ##??# #????????? | | ??????????????????## ##?### ## ##????????? | | ??????????????????? ???# ## ###?????????? | | ??????????????????## ???# ## ##???????????? | | ???????????????????# ???# #### ###????????????? | | ?????????????####### ##?# #??# #??????????????? | | ?????????????# ### #??# #??????????????? | | ?????????????# """ """ #??# #??????????????? | | ?????????????# """ """ ######??# #??????????????? | | ?????????????# """ """ #???????# #??????????????? | | ?????????????# #???????# #??????????????? | | ?????????????# """ """ #????##?# #######????????? | | ?????????????# """ """ #???## ## % [#????????? | | ?????????????# """ """ #???# #####%#????????? | | ?????????????# #???# ##?#*#####????? | +----------------------------------------------------+ Best States ------------- Heat Dissipation 35 Energy Generation 10 Energy Capacity 250 Matter Stores 300 Matter Capacity 300 Sight Range 16 Terrain Scan Density 10 Evasion (%) 40 Recoil Reduction 2 Item Schematics ----------------- Lgt. Assault Rifle | -10/Materials | Hacked Flight Unit | -10/Materials | Hacked Robot Schematics ------------------ None Fabricated ------------ Nothing Repaired ---------- Lgt. Treads | 24% | -10/Materials Alien Tech Used ----------------- None Achievements -------------- None Challenges ------------ None Game ------ Seed EnergyCloakingCutter Manual? 0 Play Time 00:17:33 Cumulative 850.5 hours Start 2025.06.01 @ 19:50:11 End 2025.06.01 @ 20:12:19 Sessions 1 Manual Loads 0 Difficulty Rogue Special Mode None Game No. 470 Rogue 470 Adventurer 0 Explorer 0 Win Type - Total 22 Types 10/3/3/0/1/1/2/2/0/0 Lore% 79 Gallery% 85 Achievement% 83 Wizard Run 0 Options --------- Layout 0 ASCII 0 Keyboard 0 Movement Numpad Keybinds 0 Fullscreen 2 Font 24/Smallcaps Map View 76x50 Zoom Use 0% Tactical HUD 1 Map Filters NONE Filters NONE Steam 1 RUN: 0d8feff4-4cf8-40f9-ac85-c0b7d2e7572a